Map: Beckett Industries LE

Players

EndOfLine

  • Race: Zerg Zerg
  • League: Master
  • Spawn Location: 1:00

EvilNeuro - Winner!

  • Race: Protoss Protoss
  • League: Master
  • Spawn Location: 7:00

VOD

Have the link to the VOD?

Description

Time

  • Played on: April 12, 2021, 12:57 p.m.
  • Length: 6:59
Show
View Real Time Build Order
Export as new Build Order

EndOfLine Zerg 

Build Orders: Pool First 

Get SALT Encoding   

  12  0:00  Drone  
  13  0:09  Drone  
  14  0:18  Extractor  
  14  0:19  Drone  
  15  0:30  Spawning Pool  
  15  0:35  Extractor  
  13  0:36  Drone  
  13  0:41  Extractor  
  13  0:42  Drone  
  14  0:49  Overlord  
  15  1:08  Drone  
  16  1:16  Queen  
  16  1:17  Zergling x4  
  20  1:19  Zergling x2  
  21  1:30  Drone  
  22  1:38  Metabolic Boost  
  22  1:53  Hatchery  
  21  2:00  Overlord  
  21  2:18  Queen  
  23  2:28  Zergling x6  
  23  2:29  Drone x2  
  28  2:31  Drone  
  29  2:42  Drone  
  30  3:05  Queen  
  30  3:07  Overlord  
  30  3:10  Drone  
  30  3:11  Drone x3  
  36  3:37  Drone x8  
  36  3:40  Lair  
  44  3:44  Overlord  
  44  4:08  Zergling x4  
  44  4:09  Drone x2, Zergling x2  
  49  4:10  Drone x3  
  49  4:12  Extractor  
  49  4:13  Extractor, Overlord  
  50  4:21  Extractor  
  50  4:22  Overlord  
  50  4:23  Drone x3  
  52  4:42  Drone x4  
  52  4:43  Drone x5  
  61  4:47  Hydralisk Den  
  61  4:49  Overlord  
  60  4:56  Overseer  
  60  4:57  Overlord  
  60  5:05  Zergling x4  
  60  5:16  Hydralisk x6  
  60  5:18  Zergling x2  
  61  5:22  Hydralisk  
  61  5:27  Hydralisk  
  62  5:33  Hydralisk  
  56  5:40  Hydralisk  
  56  5:43  Zergling x2  
  56  5:46  Zergling x2  
  51  5:51  Zergling x2  
  51  5:56  Zergling x2  
  51  5:57  Zergling x2  
  47  6:00  Zergling x2  
  47  6:03  Zergling x2  
  42  6:13  Drone x2  
  44  6:29  Lurker Den  
  44  6:30  Zergling x2  
  46  6:38  Zergling x2  
  47  6:41  Zergling x2  
Show
View Real Time Build Order
Export as new Build Order

EvilNeuro Protoss - Winner!

Build Orders:  

Get SALT Encoding   

  12  0:00  Probe  
  13  0:12  Probe  
  14  0:19  Pylon  
  14  0:24  Probe  
  15  0:37  Probe (Chrono Boost)  
  15  0:39  Gateway  
  16  0:44  Assimilator  
  16  0:49  Probe (Chrono Boost)  
  17  0:58  Probe (Chrono Boost)  
  17  1:04  Probe  
  19  1:16  Probe  
  19  1:17  Gateway  
  20  1:27  Cybernetics Core  
  20  1:28  Probe, Zealot  
  23  1:35  Assimilator  
  23  1:39  Pylon  
  23  1:46  Pylon  
  23  2:00  Probe  
  23  2:05  Stalker  
  23  2:06  Adept  
  27  2:12  Probe  
  28  2:16  Warp Gate  
  28  2:24  Probe  
  28  2:36  Probe  
  29  2:37  Shield Battery  
  31  2:46  Sentry  
  31  2:47  Nexus  
  31  2:55  Pylon  
  31  3:13  Probe  
  31  3:16  Robotics Facility  
  32  3:22  Twilight Council  
  32  3:26  Probe (Chrono Boost)  
  33  3:38  Probe (Chrono Boost)  
  34  3:47  Probe  
  35  3:50  Charge (Chrono Boost)  
  35  3:55  Gateway  
  35  3:56  Gateway  
  35  4:01  Warp Prism (Chrono Boost)  
  37  4:20  Gateway  
  37  4:22  Gateway  
  37  4:25  Gateway  
  37  4:28  Gateway  
  37  4:41  Probe x2  
  37  4:42  Pylon  
  39  4:59  Zealot x4  
  47  5:03  Pylon  
  47  5:15  Zealot  
  47  5:17  Zealot  
  47  5:19  Zealot x4  
  51  5:21  Zealot  
  51  5:25  Zealot  
  49  5:35  Zealot  
  47  5:39  Zealot x3  
  53  5:48  Zealot x2  
  49  5:52  Zealot  
  41  6:01  Zealot x3  
  35  6:28  Zealot x7  
  35  6:29  Zealot  
  47  6:48  Zealot x5  
Tags
 
Add a new tag
Caveats
  • Supply blocks, unpowered buildings, or Contaminate may cause inaccurate times.
  • Supply counts are checked every 10 seconds.